BSA
NEW ORLEANS LOOTERS @ BAFFIN ISLAND BEAVERS
05/23/2026
 
TOP OF THE 1ST
New Orleans Looters batting - Pitching for Baffin Island Beavers : LHP Jaime Guzmán
Pitching: LHP Jaime Guzmán
Batting: LHB Francisco Vega 0-0: Called Strike
0-1: Called Strike
0-2: Ball
1-2: Ball
2-2: Ball
3-2: Ground out 4-3 (Groundball, 4)
Batting: RHB Dave O'Loan 0-0: Ball
1-0: Swinging Strike
1-1: Swinging Strike
1-2: Strikes out looking
Batting: LHB Luis Sánchez 0-0: Ground out 3-1 (Groundball, 34)
Top of the 1st over - 0 run(s), 0 hit(s), 0 error(s), 0 left on base; New Orleans 0 - Baffin Island 0
BOTTOM OF THE 1ST
Baffin Island Beavers batting - Pitching for New Orleans Looters : RHP Gennarino Lucchetti
Pitching: RHP Gennarino Lucchetti
Batting: LHB Chris Bates 0-0: Ball
1-0: Foul Ball, location: 2F
1-1: SINGLE (Line Drive, 89S)
Batting: LHB Jeff Cole 0-0: Ball
1-0: Fly out, F6 (Popup, 6D)
Batting: SHB Alonso Ferreira 0-0: Ball
Chris Bates steals 2nd base
1-0: Called Strike
1-1: Swinging Strike
1-2: Foul Ball, location: 2F
1-2: Ball
2-2: Ball
3-2: SINGLE (Groundball, 4MD)
Chris Bates to third
Runner from 3rd tries for Home, SAFE, no throw or cutoff
Batting: LHB Lorenzo Villa 0-0: Ball
1-0: Ball
2-0: Swinging Strike
2-1: Swinging Strike
2-2: Fly out, F4 (Line Drive, 34)
Batting: RHB Tony Morton 0-0: Ball
1-0: Foul Ball, location: 2F
1-1: Ball
2-1: Fly out, F9 (Flyball, 9M)
Bottom of the 1st over - 1 run(s), 2 hit(s), 0 error(s), 1 left on base; New Orleans 0 - Baffin Island 1
TOP OF THE 2ND
New Orleans Looters batting - Pitching for Baffin Island Beavers : LHP Jaime Guzmán
Batting: LHB Taylor Smith 0-0: SOLO HOME RUN (Flyball, 9LD), Distance : 373 ft
Batting: RHB Francisco Ibarra 0-0: SINGLE (Groundball, 6MD)
Batting: SHB Nate Rhodes 0-0: Ball
1-0: Ball
2-0: Called Strike
2-1: Swinging Strike
2-2: Foul Ball, location: 2F
2-2: Foul Ball, location: 2F
2-2: Strikes out swinging
Batting: RHB Rich Ruffin 0-0: Called Strike
Francisco Ibarra is caught stealing 2nd base
0-1: Ball
1-1: Ground out 4-3 (Groundball, 4M)
Top of the 2nd over - 1 run(s), 2 hit(s), 0 error(s), 0 left on base; New Orleans 1 - Baffin Island 1
BOTTOM OF THE 2ND
Baffin Island Beavers batting - Pitching for New Orleans Looters : RHP Gennarino Lucchetti
Batting: LHB Mario García 0-0: Foul Ball, location: 2F
0-1: Called Strike
0-2: SINGLE (Line Drive, 9LS)
Batting: RHB Dave Craig 0-0: Ball
1-0: Ball
2-0: Fly out, F8 (Flyball, 8LD)
Batting: LHB Keng-chi Lao 0-0: Called Strike
0-1: Ball
1-1: Foul Ball, location: 2F
1-2: Foul Ball, location: 2F
1-2: DOUBLE (Flyball, 9LD)
Mario García to third
Batting: LHB Mike MacFadden 0-0: Ball
1-0: Foul Ball, location: 2F
1-1: Ball
2-1: Ball
3-1: Called Strike
3-2: 3-RUN HOME RUN (Flyball, 9D), Distance : 431 ft
Batting: LHB Chris Bates 0-0: Ground out 6-3 (Groundball, 6M)
Batting: LHB Jeff Cole 0-0: Swinging Strike
0-1: Ball
1-1: Ground out 6-3 (Groundball, 6MS)
Bottom of the 2nd over - 3 run(s), 3 hit(s), 0 error(s), 0 left on base; New Orleans 1 - Baffin Island 4
TOP OF THE 3RD
New Orleans Looters batting - Pitching for Baffin Island Beavers : LHP Jaime Guzmán
Batting: RHB José Mora 0-0: Called Strike
0-1: Foul Ball, location: 2F
0-2: Ball
1-2: Strikes out looking
Batting: RHB John Anderson 0-0: Called Strike
0-1: Ground out 5-3 (Groundball, 6S)
Batting: LHB Francisco Vega 0-0: Ball
1-0: Ball
2-0: Called Strike
2-1: Ball
3-1: Base on Balls
Batting: RHB Dave O'Loan 0-0: Ball
1-0: Called Strike
1-1: Swinging Strike
1-2: Strikes out looking
Top of the 3rd over - 0 run(s), 0 hit(s), 0 error(s), 1 left on base; New Orleans 1 - Baffin Island 4
BOTTOM OF THE 3RD
Baffin Island Beavers batting - Pitching for New Orleans Looters : RHP Gennarino Lucchetti
Batting: SHB Alonso Ferreira 0-0: SINGLE (Groundball, 56D)
Batting: LHB Lorenzo Villa 0-0: Ball
1-0: Ball
2-0: Called Strike
2-1: Ball
3-1: 2-RUN HOME RUN (Flyball, 89XD), Distance : 475 ft
Batting: RHB Tony Morton 0-0: Called Strike
0-1: Ball
1-1: Ball
2-1: Ball
3-1: Called Strike
3-2: Foul Ball, location: 2F
3-2: Strikes out swinging
Batting: LHB Mario García 0-0: Ball
1-0: Called Strike
1-1: Ball
2-1: Swinging Strike
2-2: Ball
3-2: SINGLE (Groundball, 6MD)
Batting: RHB Dave Craig 0-0: Foul Ball, location: 2F
0-1: Foul Ball, location: 2F
0-2: Foul Ball, location: 2F
0-2: Ball
1-2: Ball
Mario García steals 2nd base
2-2: Strikes out swinging
Batting: LHB Keng-chi Lao 0-0: Ground out U3 (Groundball, 3)
Bottom of the 3rd over - 2 run(s), 3 hit(s), 0 error(s), 1 left on base; New Orleans 1 - Baffin Island 6
TOP OF THE 4TH
New Orleans Looters batting - Pitching for Baffin Island Beavers : LHP Jaime Guzmán
Batting: LHB Luis Sánchez 0-0: Ball
1-0: DOUBLE (Flyball, 7LD)
Batting: LHB Taylor Smith 0-0: Ground out 4-3 (Groundball, 34)
Luis Sánchez to third
Batting: RHB Francisco Ibarra 0-0: Ball
1-0: Ball
2-0: Foul Ball, location: 2F
2-1: DOUBLE (Line Drive, 9LM)
Luis Sánchez scores
Batting: SHB Nate Rhodes 0-0: Ground out 6-3 (Groundball, 6M)
Francisco Ibarra to third
Batting: RHB Rich Ruffin 0-0: Swinging Strike
0-1: Ball
1-1: Ball
2-1: Ball
3-1: Called Strike
3-2: SINGLE (Line Drive, 9LS)
Francisco Ibarra scores
Batting: RHB José Mora 0-0: Ball
1-0: DOUBLE (Flyball, 8RXD)
Rich Ruffin to third
Runner from 3rd tries for Home, SAFE, no throw or cutoff
Batting: RHB John Anderson 0-0: Ball
1-0: Ball
2-0: Called Strike
2-1: Fly out, F7 (Line Drive, 7D)
Top of the 4th over - 3 run(s), 4 hit(s), 0 error(s), 1 left on base; New Orleans 4 - Baffin Island 6
BOTTOM OF THE 4TH
Baffin Island Beavers batting - Pitching for New Orleans Looters : RHP Gennarino Lucchetti
Batting: LHB Mike MacFadden 0-0: Called Strike
0-1: Ball
1-1: Foul Ball, location: 2F
1-2: Foul Ball, location: 2F
1-2: DOUBLE (Flyball, 7LS)
Batting: LHB Chris Bates 0-0: Ball
1-0: Foul Ball, location: 2F
1-1: Ball
2-1: Foul Ball, location: 2F
2-2: Fly out, F7 (Flyball, 7M)
Batting: LHB Jeff Cole 0-0: Swinging Strike
0-1: Ball
1-1: Swinging Strike
1-2: Strikes out swinging
Batting: SHB Alonso Ferreira 0-0: Ball
1-0: Ground out 4-3 (Groundball, 34)
Bottom of the 4th over - 0 run(s), 1 hit(s), 0 error(s), 1 left on base; New Orleans 4 - Baffin Island 6
TOP OF THE 5TH
New Orleans Looters batting - Pitching for Baffin Island Beavers : LHP Jaime Guzmán
Batting: LHB Francisco Vega 0-0: Foul Ball, location: 2F
0-1: Ball
1-1: Called Strike
1-2: SINGLE (Groundball, 6MD) (infield hit)
Batting: RHB Dave O'Loan 0-0: Called Strike
Francisco Vega is caught stealing 2nd base
0-1: Ball
1-1: Ground out 1-3 (Groundball, 15)
Batting: LHB Luis Sánchez 0-0: Ball
1-0: Ball
2-0: Called Strike
2-1: Reached on error, E4 (Groundball, 4)
Batting: LHB Taylor Smith 0-0: Ball
1-0: Ball
2-0: Ball
3-0: Foul Ball, location: 2F
3-1: Called Strike
3-2: Strikes out swinging
Top of the 5th over - 0 run(s), 1 hit(s), 1 error(s), 1 left on base; New Orleans 4 - Baffin Island 6
BOTTOM OF THE 5TH
Baffin Island Beavers batting - Pitching for New Orleans Looters : RHP Gennarino Lucchetti
Batting: LHB Lorenzo Villa 0-0: Called Strike
0-1: Ball
1-1: Called Strike
1-2: SOLO HOME RUN (Flyball, 89XD), Distance : 518 ft
Batting: RHB Tony Morton 0-0: Ball
1-0: Ball
2-0: Foul Ball, location: 2F
2-1: Foul Ball, location: 2F
2-2: SINGLE (Line Drive, 7S)
Pitching: RHP Roy March
Batting: LHB Mario García 0-0: Ball
Wild Pitch!
Tony Morton to second
1-0: Intentional Walk
Batting: RHB Dave Craig 0-0: Ball
1-0: Foul Ball, location: 2F
1-1: Foul Ball, location: 2F
1-2: Foul Ball, location: 2F
1-2: Ground out 5-3 (Groundball, 56S)
Tony Morton to third
Mario García to second
Batting: LHB Keng-chi Lao 0-0: Intentional Walk
Batting: LHB Mike MacFadden 0-0: DOUBLE (Line Drive, 7LM)
Tony Morton scores
Mario García scores
Keng-chi Lao to third
Runner from 3rd tries for Home, SAFE, no throw or cutoff
Batting: LHB Chris Bates 0-0: Ball
1-0: Ball
2-0: Swinging Strike
2-1: Ball
3-1: Base on Balls
Batting: LHB Jeff Cole 0-0: Called Strike
0-1: Swinging Strike
0-2: Foul Ball, location: 2F
0-2: Strikes out swinging
Batting: SHB Alonso Ferreira 0-0: Called Strike
0-1: Ball
1-1: Fielders Choice at 2nd, U6 (Groundball, 6M)
Bottom of the 5th over - 4 run(s), 3 hit(s), 0 error(s), 2 left on base; New Orleans 4 - Baffin Island 10
TOP OF THE 6TH
New Orleans Looters batting - Pitching for Baffin Island Beavers : LHP Jaime Guzmán
Batting: RHB Francisco Ibarra 0-0: Swinging Strike
0-1: Swinging Strike
0-2: Strikes out looking
Batting: SHB Nate Rhodes 0-0: Ball
1-0: Ball
2-0: Called Strike
2-1: Ball
3-1: Base on Balls
Batting: RHB Rich Ruffin 0-0: Ball
1-0: Fly out, F3 (Popup, 3DF)
Batting: RHB José Mora 0-0: Foul Ball, location: 2F
0-1: Called Strike
0-2: Foul Ball, location: 2F
0-2: Ball
1-2: Ball
2-2: Foul Ball, location: 2F
2-2: Foul Ball, location: 2F
2-2: Ball
Nate Rhodes is caught stealing 2nd base
Top of the 6th over - 0 run(s), 0 hit(s), 0 error(s), 0 left on base; New Orleans 4 - Baffin Island 10
BOTTOM OF THE 6TH
Baffin Island Beavers batting - Pitching for New Orleans Looters : RHP Roy March
Batting: LHB Lorenzo Villa 0-0: Called Strike
0-1: Ball
1-1: Swinging Strike
1-2: Ball
2-2: Strikes out swinging
Batting: RHB Tony Morton 0-0: Ball
1-0: Called Strike
1-1: Foul Ball, location: 2F
1-2: Fly out, F4 (Popup, 4)
Batting: LHB Mario García 0-0: Fly out, F9 (Flyball, 9D)
Bottom of the 6th over - 0 run(s), 0 hit(s), 0 error(s), 0 left on base; New Orleans 4 - Baffin Island 10
TOP OF THE 7TH
New Orleans Looters batting - Pitching for Baffin Island Beavers : LHP Jaime Guzmán
Pitching: RHP Ron Henningar
Batting: RHB José Mora 0-0: Foul Ball, location: 2F
0-1: Called Strike
0-2: DOUBLE (Line Drive, 8RM)
Batting: RHB John Anderson 0-0: Called Strike
0-1: Ground out 6-3 (Groundball, 6)
Batting: LHB Francisco Vega 0-0: Ball
1-0: Called Strike
1-1: Foul Ball, location: 2F
1-2: Ball
2-2: Ball
3-2: Base on Balls
Batting: RHB Dave O'Loan 0-0: Called Strike
0-1: Ball
1-1: Ball
2-1: Ball
3-1: SINGLE (Line Drive, 56D)
José Mora to third
Francisco Vega to second
Runner from 3rd tries for Home, SAFE, no throw or cutoff
Batting: LHB Luis Sánchez 0-0: Ball
1-0: Swinging Strike
1-1: Ball
2-1: Ball
3-1: 3-RUN HOME RUN (Flyball, 9D), Distance : 432 ft
Pitching: LHP José Bamuelos
Batting: LHB Taylor Smith 0-0: Foul Ball, location: 2F
0-1: Ball
1-1: Called Strike
1-2: Ball
2-2: Ball
3-2: Foul Ball, location: 2F
3-2: Foul Ball, location: 2F
3-2: DOUBLE (Line Drive, 8LS)
Pitching: LHP Manuel Parra
Batting: RHB Francisco Ibarra 0-0: Ball
1-0: Ball
2-0: Ground out 5-3 (Groundball, 5)
Batting: SHB Nate Rhodes 0-0: Called Strike
0-1: Ball
1-1: Swinging Strike
1-2: Strikes out swinging
Top of the 7th over - 4 run(s), 4 hit(s), 0 error(s), 1 left on base; New Orleans 8 - Baffin Island 10
BOTTOM OF THE 7TH
Baffin Island Beavers batting - Pitching for New Orleans Looters : RHP Roy March
Pitching: RHP Robbie Daniel
Batting: RHB Dave Craig 0-0: Ball
1-0: Ball
2-0: Called Strike
2-1: Ground out 6-3 (Groundball, 6)
Batting: LHB Keng-chi Lao 0-0: Called Strike
0-1: Ball
1-1: Ball
2-1: Fly out, F5 (Popup, 25F)
Batting: LHB Mike MacFadden 0-0: Ball
1-0: Ball
2-0: Called Strike
2-1: SINGLE (Groundball, 4M)
Batting: LHB Chris Bates 0-0: Called Strike
0-1: Foul Ball, location: 2F
0-2: SINGLE (Flyball, 89S)
Mike MacFadden to second
Runner from 2nd tries for 3rd, SAFE, throw made to third
Batting: LHB Jeff Cole 0-0: Ball
1-0: Called Strike
1-1: Ball
2-1: Called Strike
2-2: SINGLE (Flyball, 7S)
Mike MacFadden scores
Chris Bates to second
Batting: SHB Alonso Ferreira 0-0: Called Strike
0-1: Ball
1-1: Ball
2-1: DOUBLE (Line Drive, 9D)
Chris Bates scores
Jeff Cole to third
Runner from 3rd tries for Home, SAFE, no throw or cutoff
Batting: LHB Lorenzo Villa 0-0: Foul Ball, location: 2F
0-1: DOUBLE (Line Drive, 78XD)
Alonso Ferreira scores
Pitching: RHP Ricardo Pérez
Batting: RHB Tony Morton 0-0: Ground out 5-3 (Groundball, 56)
Bottom of the 7th over - 4 run(s), 5 hit(s), 0 error(s), 1 left on base; New Orleans 8 - Baffin Island 14
TOP OF THE 8TH
New Orleans Looters batting - Pitching for Baffin Island Beavers : LHP Manuel Parra
Batting: RHB Rich Ruffin 0-0: Called Strike
0-1: Ball
1-1: Ball
2-1: Swinging Strike
2-2: Foul Ball, location: 2F
2-2: Foul Ball, location: 2F
2-2: Ball
3-2: Foul Ball, location: 2F
3-2: Strikes out swinging
Batting: RHB José Mora 0-0: Ball
1-0: Foul Ball, location: 2F
1-1: Ball
2-1: Foul Ball, location: 2F
2-2: Ball
3-2: Ground out 5-3 (Groundball, 56)
Batting: RHB John Anderson 0-0: Ball
1-0: Swinging Strike
1-1: Ball
2-1: Foul Ball, location: 2F
2-2: Foul Ball, location: 2F
2-2: Fly out, F8 (Line Drive, 8RXD)
Top of the 8th over - 0 run(s), 0 hit(s), 0 error(s), 0 left on base; New Orleans 8 - Baffin Island 14
BOTTOM OF THE 8TH
Baffin Island Beavers batting - Pitching for New Orleans Looters : RHP Ricardo Pérez
Batting: LHB Mario García 0-0: Called Strike
0-1: SINGLE (Line Drive, 56D)
Batting: RHB Dave Craig 0-0: Ball
1-0: Bunt missed!
1-1: Bunt missed!
1-2: Ball
2-2: Foul Ball, location: 2F
2-2: Ball
3-2: 2-RUN HOME RUN (Flyball, 7D), Distance : 431 ft
Batting: LHB Keng-chi Lao 0-0: Ball
1-0: Fly out, F8 (Flyball, 8LM)
Batting: LHB Mike MacFadden 0-0: Called Strike
0-1: Ball
1-1: Foul Ball, location: 2F
1-2: Ground out 3-1 (Groundball, 34)
Batting: LHB Chris Bates 0-0: Foul Ball, location: 2F
0-1: Ball
1-1: Ground out 6-3 (Groundball, 6M)
Bottom of the 8th over - 2 run(s), 2 hit(s), 0 error(s), 0 left on base; New Orleans 8 - Baffin Island 16
TOP OF THE 9TH
New Orleans Looters batting - Pitching for Baffin Island Beavers : LHP Manuel Parra
Batting: LHB Francisco Vega 0-0: Ball
1-0: Called Strike
1-1: Called Strike
1-2: Foul Ball, location: 2F
1-2: Ball
2-2: Ball
3-2: Strikes out swinging
Batting: RHB Dave O'Loan 0-0: Called Strike
0-1: Ball
1-1: Ground out 5-3 (Groundball, 5)
Batting: LHB Luis Sánchez 0-0: Ball
1-0: SOLO HOME RUN (Flyball, 9D), Distance : 417 ft
Batting: LHB Taylor Smith 0-0: Ball
1-0: Called Strike
1-1: Ground out U3 (Groundball, 3S)
Top of the 9th over - 1 run(s), 1 hit(s), 0 error(s), 0 left on base; New Orleans 9 - Baffin Island 16
Monday, December 5th, 2016 - OOTP Baseball 17.12 Build 75